 Dungeon Crawl Stone Soup version 0.30-a0-830-gfe289a77b0 (webtiles) character file.

Game seed: 17491251028256628931

9 Twinkles the Sneak (level 2, -3/27 HPs)
             Began as a Hill Orc Delver on Feb 28, 2023.
             Slain by a shadow imp (5 damage)
             ... on level 5 of the Dungeon.
             The game lasted 00:00:24 (210 turns).

Twinkles the Sneak (Hill Orc Delver)                 Turns: 210, Time: 00:00:24

Health: -3/27      AC:  3    Str: 14    XL:     2   Next: 12%
Magic:  2/2        EV: 11    Int: 10    God:
Gold:   25         SH:  0    Dex: 12    Spells: 1/1 levels left

rFire   . . .      SeeInvis .    a - +0 hand axe
rCold   . . .      Faith    .    (no shield)
rNeg    . . .      Spirit   .    b - +0 leather armour
rPois   .          Reflect  .    (no helmet)
rElec   .          Harm     .    (no cloak)
rCorr   .          Rampage  .    (no gloves)
Will    .....                    (no boots)
Stlth   ++                       (no amulet)
HPRegen 0.24/turn                (no ring)
MPRegen 0.08/turn                (no ring)

@: no status effects
A: no striking features
a: no special abilities


You were on level 5 of the Dungeon.
You visited 1 branch of the dungeon, and saw 1 of its levels.

You collected 25 gold pieces.

Inventory:

Hand Weapons
 a - a +0 hand axe (weapon)
Armour
 b - a +0 leather armour (worn)
Wands
 d - a wand of digging (3)
Scrolls
 c - a scroll of enchant armour {unknown}
 E - a scroll of fear
 F - a scroll of fog
 X - a scroll of magic mapping
Potions
 H - a potion of haste


   Skills:
 + Level 3.8 Fighting
 + Level 3.0 Axes
 + Level 1.7 Dodging
 + Level 4.2 Stealth


You had one spell level left.
You didn't know any spells.
Your spell library was empty.

Dungeon Overview and Level Annotations

Branches:
Dungeon (5/15) Zot: 5785
 Temple: D:4-7

Altars:

Annotations:
D:5 exclusion: ogre


Message History

You are too injured to fight recklessly!
You are too injured to fight recklessly!
You barely miss the shadow imp.
The shadow imp is moderately wounded.
The shadow imp barely misses you. The shadow imp misses you.
You hit the shadow imp but do no damage.
The shadow imp is moderately wounded.
The shadow imp grinds its teeth.
The shadow imp gestures at you. Pain shoots through your body!
You hit the shadow imp.
The shadow imp is severely wounded.
The shadow imp lashes its tail.
The shadow imp barely misses you.
You barely miss the shadow imp.
The shadow imp is severely wounded.
The shadow imp misses you.
You hit the shadow imp but do no damage.
The shadow imp is severely wounded.
You closely miss the iguana. The shadow imp spits at you.
The shadow imp hits you but does no damage.
The iguana completely misses you.
You barely miss the shadow imp.
The shadow imp is severely wounded.
You hit the iguana but do no damage. The shadow imp hits you.
* * * LOW HITPOINT WARNING * * *
The iguana bites you.
* * * LOW HITPOINT WARNING * * *
The shadow imp attacks as you move away!
The shadow imp misses you.
You barely miss the shadow imp.
The shadow imp is severely wounded.
The shadow imp gestures at you. Pain shoots through your body!
* * * LOW HITPOINT WARNING * * *
You hit the shadow imp but do no damage.
The shadow imp is severely wounded.
The shadow imp completely misses you. The shadow imp hits you.
You die...

.. ..#...###.#..
#.##(..###...##.##
.. .###...#..#...
#...####.##.. ..#
#..#.. . ##.##.##
#..#..##
##.##..##.##
#..@5l.....#
#...###......+
#...## .......#
...## ##......# [#
#......# #........
#########


You could see an iguana and a shadow imp.

Vanquished Creatures
  An adder (D:5)
1 creature vanquished.

Notes
Turn   | Place    | Note
-------+----------+-------------------------------------------
     0 | D:5      | Twinkles the Hill Orc Delver began the quest for the Orb.
     0 | D:5      | Reached XP level 1. HP: 19/19 MP: 1/1
    93 | D:5      | Reached XP level 2. HP: 20/27 MP: 2/2
   166 | D:5      | Noticed an ogre
   206 | D:5      | HP: 8/27 [shadow imp (4)]
   209 | D:5      | HP: 2/27 [shadow imp/nerve-wracking pain (5)]
   210 | D:5      | Slain by a shadow imp

Illustrated notes

Levels and vault maps discovered:
D:5:      minmay_skewed_foursquare, layout_rooms, mainiacjoe_overflow_24_doors,
          minmay_temple_entry_antechambers, grunt_ministairs_13, uniq_sigmund

Skill      XL: |  1 |
---------------+----+-----
Axes           | 3 |  3.0
Fighting       | |  3.8
Dodging        | |  1.7
Stealth        | |  4.2

Action                     || total
---------------------------++-------
  Melee: Hand axe          ||    18
   Stab: Sleeping          ||     1
 Armour: Leather armour    ||     2
  Dodge: Dodged            ||    13

Table legend: (Time is in decaauts)
 A = Elapsed time spent in this place.
 B = Non-inter-level travel time spent in this place.
 C = Inter-level travel time spent in this place.
 D = Time resting spent in this place.
 E = Time spent auto-exploring this place.
 F = Levels seen in this place.
 G = Mean time per level.
                   A        B        C        D        E       F      G
               +--------+--------+--------+--------+--------+-----+--------+
         Total |    212 |    212 |      0 |      0 |    179 |   1 |  212.0 |
       Dungeon |    212 |    212 |      0 |      0 |    179 |   1 |  212.0 |
               +--------+--------+--------+--------+--------+-----+--------+

Top non-repeatable levels by time:
     D:5: 212 daAuts
